 Dungeon Crawl Stone Soup version 0.29.0-4-gdea44cf6ec (webtiles) character file.

Game seed: 7820433104903415257

136 qw the Chopper (level 5, -2/30 HPs)
             Began as a Tengu Warper on Aug 29, 2022.
             Slain by a kobold brigand
             ... wielding a +0 whip
              (7 damage)
             ... on level 4 of the Dungeon.
             The game lasted 00:01:14 (3408 turns).

qw the Chopper (Tengu Warper)                       Turns: 3408, Time: 00:01:15

Health: -2/30      AC:  8    Str: 13    XL:     5   Next: 19%
Magic:  9/9        EV:  6    Int: 13    God:
Gold:   47         SH:  4    Dex: 14    Spells: 8/8 levels left

rFire   . . .      SeeInvis .   c - +0 hand axe (vamp)
rCold   + . .      Faith    .   n - +0 buckler
rNeg    . . .      Spirit   .   f - +0 chain mail
rPois   .          Reflect  .   (helmet restricted)
rElec   .          Harm     .   (no cloak)
rCorr   .          Rampage  .   (no gloves)
Will    .....                   (boots unavailable)
Stlth   ..........              (no amulet)
HPRegen 0.10/turn               a - ring of protection from cold
MPRegen 0.11/turn               (no ring)

@: flying quickly and evasively, quick
A: beak, talons 3, nimble flight
a: no special abilities


You were on level 4 of the Dungeon.
You visited 1 branch of the dungeon, and saw 4 of its levels.

You collected 184 gold pieces.
You spent 137 gold pieces at shops.


Innate Abilities, Weirdness & Mutations

You have a beak for a mouth.
You have claws for feet.
Your magical nature lets you fly swiftly and evasively.


   Skills:
 - Level 2.0 Fighting
 + Level 5.4 Axes
 - Level 1.0 Throwing
 - Level 1.1 Armour
 - Level 2.1 Dodging
 - Level 1.2 Shields
 - Level 2.0 Spellcasting
 - Level 2.4 Translocations


You had 8 spell levels left.
You didn't know any spells.
Your spell library contained the following spells:

 Spells                   Type           Power      Damage    Failure   Level
 Blink                    Tloc           14%        N/A       100%        2
 Gell's Gravitas          Tloc           7%         N/A       100%        3
 Lesser Beckoning         Tloc           7%         N/A       100%        3
 Teleport Other           Tloc           7%         N/A       100%        3
 Manifold Assault         Tloc           7%         N/A       100%        5

Inventory:

Hand Weapons
 c - a +0 vampiric hand axe (weapon)
 g - a +0 mace
Missiles
 b - 2 boomerangs (quivered)
Armour
 f - a +0 chain mail (worn)
 i - a +0 cloak
 k - a +0 ring mail of fire resistance
 n - a +0 buckler (worn)
Jewellery
 a - a ring of protection from cold (left hand)
Scrolls
 h - a scroll of identify
Potions
 d - 2 potions of heal wounds
 e - a potion of lignification {unknown}
 j - a potion of berserk rage {unknown}
 l - a potion of might
 m - a potion of curing {unknown}

Dungeon Overview and Level Annotations

Branches:
Dungeon (4/15)
 Temple: D:4-7

Altars:
Fedhas
Gozag
Qazlal
Yredelemnul

Shops:
D:1 [([   D:4 *[


Message History

The kobold brigand hits you with a +0 whip.
The orc hits you but does no damage. The kobold brigand barely misses you.
You barely miss the kobold brigand.
The kobold brigand is moderately wounded.
You hit the orc but do no damage.
You feel sick.
You are no longer poisoned.
You block the orc's attack. You block the kobold brigand's attack.
You block the orc's attack. You block the kobold brigand's attack.
You barely miss the kobold brigand. Your kick misses the kobold brigand.
The kobold brigand is moderately wounded.
You closely miss the orc. The orc closely misses you.
You block the kobold brigand's attack.
You hit the kobold brigand.
You feel better.
Your kick misses the kobold brigand. Your peck misses the kobold brigand.
The kobold brigand is heavily wounded.
You hit the orc.
You feel better. The orc hits you but does no damage.
The kobold brigand hits you with a +0 whip.
The orc hits you but does no damage. You block the kobold brigand's attack.
You hit the kobold brigand.
You feel better.
You peck the kobold brigand.
The kobold brigand is heavily wounded.
You barely miss the orc. The orc barely misses you.
The kobold brigand hits you but does no damage.
The orc hits you but does no damage.
The kobold brigand hits you with a +0 whip!
You hit the kobold brigand but do no damage.
You claw the kobold brigand.
The kobold brigand is severely wounded.
You closely miss the orc. The orc hits you but does no damage.
You block the kobold brigand's attack.
You miss the kobold brigand.
The kobold brigand is severely wounded.
You barely miss the orc.
You feel yourself speed up. You block the orc's attack.
The kobold brigand hits you with a +0 whip.
The kobold brigand hits you with a +0 whip!
You die...

oo...# .....####
.....#... #####
#........ ####...##
#......# ###.......#
#....# ..........##
##..# ...........#
##o.# .......\...#
##@K.#
...........###...##
?...........##...##
.................##
...........~..........
..........~.~.........
.........~...~..######
........~..\..~.#
#........~...~..#


You could see a kobold brigand and an orc.

Vanquished Creatures
  2 orc wizards (D:3)
  An adder (D:2)
  3 worms
  2 dart slugs
  8 orcs
  5 ball pythons
  2 bats
  6 endoplasms
  A giant cockroach (D:2)
  4 goblins
  8 hobgoblins
  3 kobolds
  2 quokkas (D:1)
  2 ball python zombies (D:3)
  2 frilled lizards
  3 rats
54 creatures vanquished.

Notes
Turn   | Place    | Note
-------+----------+-------------------------------------------
     0 | D:1      | qw the Tengu Warper began the quest for the Orb.
     0 | D:1      | Reached XP level 1. HP: 12/12 MP: 4/4
     0 | D:1      | 0 ||| qw: Version: 0.1-a-89-g26bdef1
     0 | D:1      | 0 ||| qw: Game counter: 3604
     0 | D:1      | 0 ||| qw: Always use a shield: true
     0 | D:1      | 0 ||| qw: God list: Okawaru
     0 | D:1      | 0 ||| qw: Allow faded altars: false
     0 | D:1      | 0 ||| qw: Do Orc after D:15 true
     0 | D:1      | 0 ||| qw: Do second Lair branch before Depths: true
     0 | D:1      | 0 ||| qw: Lair rune preference: random
     0 | D:1      | 0 ||| qw: Plans: Normal
     0 | D:1      | 0 ||| PLANNING D:1-11
   148 | D:1      | Found Fiosu's Antique Armour Emporium.
   162 | D:1      | 162 ||| SHOPLISTING chain mail (112 gold, have 17).
   162 | D:1      | 162 ||| SHOPLISTING glowing kite shield (187 gold, have
                  | 17).
   162 | D:1      | 162 ||| SHOPLISTING glowing plate armour (650 gold, have
                  | 17).
   162 | D:1      | 162 ||| SHOPLISTING runed plate armour (650 gold, have 17).
   318 | D:1      | Found Uqaher's Antique Weapon Boutique.
   326 | D:1      | 326 ||| Stepping ~*~*~tactically~*~*~ (stealth).
   328 | D:1      | 328 ||| Stepping ~*~*~tactically~*~*~ (stealth).
   334 | D:1      | Reached XP level 2. HP: 14/17 MP: 6/6
   335 | D:1      | Reached skill level 3 in Axes
   378 | D:1      | 378 ||| SHOPLISTING glowing flail (169 gold, have 17).
   378 | D:1      | 378 ||| SHOPLISTING whip (65 gold, have 17).
   559 | D:1      | 559 ||| Stepping ~*~*~tactically~*~*~ (hiding).
   560 | D:1      | Found Plog's Armour Boutique.
   561 | D:1      | 561 ||| Stepping ~*~*~tactically~*~*~ (hiding).
   562 | D:1      | 562 ||| Stepping ~*~*~tactically~*~*~ (hiding).
   565 | D:1      | 565 ||| Stepping ~*~*~tactically~*~*~ (hiding).
   760 | D:1      | 760 ||| SHOPLISTING +0 plate armour (322 gold, have 42).
   760 | D:1      | 760 ||| SHOPLISTING +0 scale mail (56 gold, have 42).
   990 | D:1      | 990 ||| UPGRADING to +0 ring mail.
  1000 | D:1      | 1000 ||| DROPPING +0 leather armour.
  1001 | D:1      | 1001 ||| UPGRADING to +0 ring mail of fire resistance.
  1011 | D:1      | 1011 ||| DROPPING +0 ring mail.
  1012 | D:1      | 1012 ||| UPGRADING to +0 buckler.
  1017 | D:1      | 1017 ||| READING scroll labelled QEZXURCH WIFETA.
  1018 | D:1      | 1018 ||| READING scroll labelled ZOZUJU IT LYV.
  1023 | D:1      | 1023 ||| READING 4 scrolls labelled IRUKHLA YCLEHIUSCH.
  1024 | D:1      | 1024 ||| DRINKING 3 smoky red potions.
  1025 | D:1      | 1025 ||| READING 3 scrolls of identify.
  1025 | D:1      | 1025 ||| IDENTIFYING fuming clear potion
  1026 | D:1      | 1026 ||| READING 2 scrolls of identify.
  1026 | D:1      | 1026 ||| IDENTIFYING fuming inky potion
  1027 | D:1      | 1027 ||| DROPPING scroll of blinking.
  1028 | D:1      | 1028 ||| DROPPING potion of degeneration.
  1070 | D:2      | Reached skill level 1 in Shields
  1070 | D:2      | Reached XP level 3. HP: 21/21 MP: 7/7
  1077 | D:2      | Found a blossoming altar of Fedhas.
  1140 | D:2      | 1140 ||| FLEEEEING.
  1141 | D:2      | 1141 ||| FLEEEEING.
  1142 | D:2      | 1142 ||| FLEEEEING.
  1143 | D:2      | 1143 ||| FLEEEEING.
  1144 | D:2      | 1144 ||| FLEEEEING.
  1145 | D:2      | 1145 ||| FLEEEEING.
  1146 | D:2      | 1146 ||| FLEEEEING.
  1147 | D:2      | 1147 ||| FLEEEEING.
  1148 | D:2      | 1148 ||| FLEEEEING.
  1150 | D:2      | 1150 ||| FLEEEEING.
  1151 | D:2      | 1151 ||| FLEEEEING.
  1152 | D:2      | 1152 ||| FLEEEEING.
  1153 | D:2      | 1153 ||| FLEEEEING.
  1154 | D:2      | 1154 ||| FLEEEEING.
  1155 | D:2      | 1155 ||| FLEEEEING.
  1156 | D:2      | 1156 ||| FLEEEEING.
  1157 | D:2      | 1157 ||| FLEEEEING.
  1158 | D:2      | 1158 ||| FLEEEEING.
  1159 | D:2      | 1159 ||| FLEEEEING.
  1160 | D:2      | 1160 ||| STAIRDANCE
  1212 | D:1      | 1212 ||| READING scroll labelled HIEH ZELAUB.
  1213 | D:1      | 1213 ||| READING scroll labelled KYOHEE BINOWK.
  1219 | D:2      | 1219 ||| STAIRDANCE
  1578 | D:2      | 1578 ||| Stepping ~*~*~tactically~*~*~ (hiding).
  1583 | D:2      | Reached skill level 4 in Axes
  1696 | D:2      | 1696 ||| SWAPPING to +0 vampiric hand axe.
  1697 | D:2      | 1697 ||| DROPPING +1 hand axe.
  1927 | D:2      | 1927 ||| UPGRADING to ring of protection from cold.
  2247 | D:3      | 2247 ||| Stepping ~*~*~tactically~*~*~ (hiding).
  2257 | D:3      | Reached XP level 4. HP: 26/26 MP: 8/8
  2282 | D:3      | Found an opulent altar of Gozag.
  2289 | D:3      | Found a stormy altar of Qazlal.
  2460 | D:3      | 2460 ||| DROPPING +0 club.
  2732 | D:3      | Found a basalt altar of Yredelemnul.
  2733 | D:3      | 2733 ||| UPGRADING to +0 chain mail.
  2743 | D:3      | 2743 ||| READING 2 scrolls of identify.
  2743 | D:3      | 2743 ||| IDENTIFYING amethyst potion
  2744 | D:3      | 2744 ||| DROPPING potion of attraction.
  2771 | D:4      | Found Diamieke's Antique Armour Boutique.
  2774 | D:4      | 2774 ||| Stepping ~*~*~tactically~*~*~ (stealth).
  2776 | D:4      | 2776 ||| Stepping ~*~*~tactically~*~*~ (hiding).
  2787 | D:4      | 2787 ||| FLEEEEING.
  2788 | D:4      | 2788 ||| FLEEEEING.
  2789 | D:4      | 2789 ||| STAIRDANCE
  3025 | D:4      | 3025 ||| FLEEEEING.
  3026 | D:4      | 3026 ||| FLEEEEING.
  3027 | D:4      | 3027 ||| STAIRDANCE
  3157 | D:4      | 3157 ||| STAIRDANCE
  3194 | D:4      | 3194 ||| STAIRDANCE
  3230 | D:4      | 3230 ||| STAIRDANCE
  3239 | D:3      | Reached skill level 5 in Axes
  3239 | D:3      | Gained mutation: Your magical nature lets you fly swiftly
                  | and evasively. [Tengu growth]
  3239 | D:3      | Reached XP level 5. HP: 20/30 MP: 9/9
  3333 | D:4      | 3333 ||| STAIRDANCE
  3344 | D:4      | 3344 ||| STAIRDANCE
  3364 | D:4      | Found Qieph's Assorted Antiques.
  3365 | D:4      | 3365 ||| BUYING cloak (108 gold).
  3365 | D:4      | Bought a cloak for 108 gold pieces
  3365 | D:4      | 3365 ||| SHOPLISTING spiked plate armour (672 gold, have
                  | 70).
  3374 | D:4      | 3374 ||| SHOPLISTING 3 scrolls labelled TINESY HAROO (99
                  | gold, have 76).
  3374 | D:4      | 3374 ||| BUYING green potion (29 gold).
  3374 | D:4      | Bought a green potion for 29 gold pieces
  3374 | D:4      | 3374 ||| SHOPLISTING scroll of enchant weapon (247 gold,
                  | have 47).
  3390 | D:4      | 3390 ||| Stepping ~*~*~tactically~*~*~ (stealth).
  3391 | D:4      | 3391 ||| Stepping ~*~*~tactically~*~*~ (stealth).
  3393 | D:4      | Noticed a kobold brigand
  3408 | D:4      | HP: 5/30 [kobold brigand/+0 whip (3)]
  3408 | D:4      | Slain by a kobold brigand

Levels and vault maps discovered:
D:1:      matt_arrival_grand_opening, layout_loops_ring, serial_shops, shop,
          nicolae_shop_stone, nicolae_shop_statue_plus, minmay_misc_feat_hallway
D:2:      layout_rooms, basic_altar, st_stairs_6, minmay_close_crescents
D:3:      layout_loops_corners, lemuel_zombie_altar_yredelemnul,
          mainiacjoe_overflow_big_doors
D:4:      layout_cave_pods, serial_shops, nicolae_shop_stone, shop,
          nicolae_diamond_shop, shop, shop, gammafunk_ghost_mausoleum,
          minmay_increasing_density

Skill      XL: |  1  2  3  4 |
---------------+-------------+-----
Axes           | 3 4 5 |  5.4
Shields        | 1 |  1.2
Fighting       | |  2.0
Throwing       | |  1.0
Armour         | |  1.1
Dodging        | |  2.1
Spellcasting   | |  2.0
Translocations | |  2.4

Action                   |  1- 3 |  4- 6 || total
-------------------------+-------+-------++-------
Melee: Hand axe          |    75 |    57 ||   132
       Peck              |     8 |     8 ||    16
       Kick              |    17 |    12 ||    29
       Punch             |     1 |       ||     1
Throw: Boomerang         |     7 |     8 ||    15
  Use: Scroll            |     7 |     1 ||     8
       Potion            |     1 |       ||     1
Armor: Leather armour    |     4 |       ||     4
       Ring mail         |     7 |       ||     7
       Chain mail        |       |    36 ||    36
Dodge: Dodged            |    37 |    14 ||    51
Block: Buckler           |    10 |    11 ||    21

Table legend:
 A = Non-vault XP
 B = Vault XP
 C = Vault XP percentage of total XP
 D = Non-vault monster count
 E = Vault monster count
 F = Vault count percentage of total count
                 A         B        C        D         E       F
            +---------+---------+-------+---------+---------+-------
      Total |     184 |      11 |   5.6 |      47 |       7 |  13.0
            +---------+---------+-------+---------+---------+-------
        D:1 |      22 |       0 |   0.0 |      13 |       0 |   0.0
        D:2 |      39 |       9 |  18.8 |      10 |       5 |  33.3
        D:3 |     103 |       2 |   1.9 |      17 |       2 |  10.5
        D:4 |      20 |       0 |   0.0 |       7 |       0 |   0.0
            +---------+---------+-------+---------+---------+-------
